 Dungeon Crawl Stone Soup version 0.26-a0-810-ge1a9524b62 (webtiles) character file.

Game seed: 13644442687501749006

111 mhtbhm the Shield-Bearer (level 4, -3/29 HPs)
             Began as a Gargoyle Fighter on Nov 12, 2020.
             Splashed by Ijyb's acid (9 damage)
             ... on level 3 of the Dungeon.
             The game lasted 00:01:59 (1628 turns).

mhtbhm the Shield-Bearer (Gargoyle Fighter)         Turns: 1628, Time: 00:02:01

Health: -3/29      AC:  6    Str: 20    XL:     4   Next: 92%
Magic:  4/4        EV:  7    Int:  9    God:
Gold:   123        SH:  9    Dex:  9    Spells: 3/3 levels left

rFire    . . .     SeeInvis .   a - +0 flail
rCold    . . .     Faith    .   c - +0 kite shield
rNeg     + . .     Spirit   .   b - +0 scale mail
rPois    ∞         Reflect  .   (no helmet)
rElec    +         Harm     .   l - scarf {repulsion}
rCorr    .         Rampage  .   (no gloves)
MR       .....                  (no boots)
Stlth    ..........             (no amulet)
HPRegen  0.09/turn              (no ring)
MPRegen  0.09/turn              (no ring)

@: corroded, repel missiles
A: negative energy resistance 1, electricity resistance, unbreathing,
petrification resistance, rot immunity, AC +3
a: no special abilities


You were on level 3 of the Dungeon.
You visited 1 branch of the dungeon, and saw 3 of its levels.

You collected 123 gold pieces.

Inventory:

Hand Weapons
 a - a +0 flail (weapon)
Armour
 b - a +0 scale mail (worn)
 c - a +0 kite shield (worn)
 l - a scarf of repulsion (worn)
Scrolls
 e - a scroll of fear
 g - 3 scrolls of enchant armour {unknown}
 h - a scroll of noise {unknown}
 m - a scroll of amnesia {unknown}
 n - a scroll of immolation {unknown}
 o - a scroll of remove curse {unknown}
 p - a scroll of identify
Potions
 d - a potion of might
 f - 2 potions of curing
 i - a potion of brilliance {unknown}
 j - a potion of attraction {unknown}
 k - a potion of invisibility {unknown}
 q - a potion of degeneration {unknown}
 r - a potion of berserk rage {unknown}


   Skills:
 + Level 3.8 Fighting
 + Level 3.5 Maces & Flails
 + Level 3.8 Armour
 + Level 0.3 Dodging
 + Level 0.1 Stealth
 + Level 4.0 Shields


You had 3 spell levels left.
You didn't know any spells.
Your spell library was empty.

Dungeon Overview and Level Annotations

Branches:
Dungeon (3/15)

Altars:

Annotations:
D:3 Ijyb


Innate Abilities, Weirdness & Mutations

You are resistant to torment.
Your stone body is resilient. (AC +3)
You are immune to poison.
You resist negative energy. (rN+)
You are resistant to electric shocks. (rElec)
You can survive without breathing.
You are immune to petrification.
You are immune to rotting.


Message History

You hit the worm but do no damage.
The worm is moderately wounded.
The worm bites you.
You barely miss the worm.
The worm is moderately wounded.
You block the worm's attack.
You thump the worm!
The worm is almost dead.
The worm bites you.
You sock the worm!
You kill the worm!
You hit Ijyb but do no damage. You block Ijyb's attack.
Ijyb hits you but does no damage.
You hit Ijyb.
Ijyb is moderately wounded.
Ijyb zaps a wand.
The bolt of acid hits you!
Ouch! That really hurt!
* * * LOW HITPOINT WARNING * * *
The acid corrodes you!
You are splashed with acid!
You die...

#.#.#
#...
#.#.#
###.
#.#.#
#.
#.#)#
#.
#.#.#
#.
#.#.#
#.
#...#
##
###.#
#@#
#g#
#.#
..#
#..
#..
:.#
...


You could see Ijyb.

Vanquished Creatures
  An orc priest (D:3)
  2 adders
  An ooze (D:1)
  2 worms
  A dart slug (D:1)
  2 leopard geckos
  3 orcs (D:3)
  3 giant cockroaches
  7 goblins
  6 hobgoblins
  A quokka (D:2)
  5 bats
  3 frilled lizards (D:1)
  3 kobolds (D:2)
  9 rats
49 creatures vanquished.

Notes
Turn   | Place    | Note
-------+----------+-------------------------------------------
     0 | D:1      | mhtbhm the Gargoyle Fighter began the quest for the Orb.
     0 | D:1      | Reached XP level 1. HP: 14/14 MP: 1/1
   178 | D:1      | Reached XP level 2. HP: 15/19 MP: 2/2
   591 | D:1      | Reached XP level 3. HP: 23/23 MP: 3/3
  1320 | D:2      | Reached XP level 4. HP: 28/28 MP: 4/4
  1589 | D:3      | Reached skill level 4 in Shields
  1621 | D:3      | Noticed Ijyb
  1628 | D:3      | Splashed by Ijyb's acid

Illustrated notes

Levels and vault maps discovered:
D:1:      nzn_arrival_depleted_hourglass, layout_basic
D:2:      layout_basic, minivault_26
D:3:      layout_loops_ring, ebering_ghost_sewer_f, nrook_loot_triangle,
          uniq_ijyb

Skill      XL: |  1  2  3  4 |
---------------+-------------+-----
Maces & Flails | 3 |  3.5
Shields        | 4 |  4.0
Fighting       | |  3.8
Armour         | |  3.8
Dodging        | |  0.3
Stealth        | |  0.1

Action                   |  1- 3 |  4- 6 || total
-------------------------+-------+-------++-------
Melee: Flail             |   120 |    43 ||   163
  Use: Scroll            |     2 |       ||     2
Armor: Scale mail        |    65 |    18 ||    83
Dodge: Dodged            |    22 |    13 ||    35
Block: Kite shield       |    70 |    27 ||    97

Table legend: (Time is in decaauts)
 A = Elapsed time spent in this place.
 B = Non-inter-level travel time spent in this place.
 C = Inter-level travel time spent in this place.
 D = Time resting spent in this place.
 E = Time spent auto-exploring this place.
 F = Levels seen in this place.
 G = Mean time per level.
                   A        B        C        D        E       F      G
               +--------+--------+--------+--------+--------+-----+--------+
         Total |   1685 |   1685 |      0 |    141 |   1156 |   3 |  561.7 |
       Dungeon |   1685 |   1685 |      0 |    141 |   1156 |   3 |  561.7 |
               +--------+--------+--------+--------+--------+-----+--------+

Top non-repeatable levels by time:
     D:1: 766 daAuts
     D:2: 766 daAuts
     D:3: 152 daAuts
